Map: Persephone LE

Players

Serral - Winner!

  • Race: Zerg Zerg
  • Spawn Location: 11:00

Classic

  • Race: Protoss Protoss
  • Spawn Location: 7:00

Event: Esports World Cup 2025

VOD

https://www.youtube.com/watch?v=5BTtmzUxoXc

Description

Time

  • Played on: July 23, 2025, 1:20 p.m.
  • Length: 47:12

All games in this series

Show
View Real Time Build Order
Export as new Build Order

Serral Zerg - Winner!

Build Orders: Hatch First, Lurkers 

Get SALT Encoding   

  12  0:00  Drone  
  13  0:08  Drone  
  14  0:14  Drone, Extractor  
  15  0:21  Overlord  
  15  0:42  Drone  
  16  0:45  Hatchery  
  16  0:49  Drone  
  16  0:52  Drone  
  16  0:56  Drone  
  18  1:06  Extractor  
  17  1:12  Spawning Pool  
  17  1:14  Drone  
  17  1:18  Drone  
  18  1:27  Drone  
  19  1:38  Drone  
  20  1:48  Drone  
  21  1:59  Queen x2  
  21  2:00  Zergling x2  
  26  2:01  Overlord  
  26  2:09  Zergling x2  
  26  2:10  Drone  
  26  2:12  Metabolic Boost  
  28  2:20  Drone x2  
  30  2:30  Drone  
  30  2:34  Queen  
  33  2:43  Hatchery  
  32  2:46  Drone  
  32  2:49  Overlord  
  33  2:52  Drone  
  33  2:54  Drone  
  35  3:03  Zergling x2  
  35  3:09  Drone x4  
  35  3:10  Drone x3  
  42  3:13  Overlord  
  42  3:19  Drone  
  43  3:21  Overlord  
  43  3:24  Spore Crawler  
  43  3:27  Drone  
  43  3:32  Evolution Chamber  
  43  3:35  Zergling x2  
  43  3:39  Zergling x8  
  48  3:46  Zergling x8  
  52  3:50  Queen  
  52  3:54  Queen  
  56  3:56  Drone  
  56  3:58  Spore Crawler  
  56  4:02  Drone x2  
  58  4:03  Drone  
  58  4:05  Drone  
  58  4:08  Drone  
  61  4:12  Drone x3  
  61  4:15  Drone x2  
  66  4:23  Drone x4  
  66  4:28  Drone x2  
  66  4:30  Drone  
  65  4:34  Drone  
  65  4:35  Evolution Chamber  
  63  4:39  Zergling x2, Drone  
  63  4:43  Overlord x2  
  63  4:45  Drone  
  66  4:49  Overlord, Extractor, Spore Crawler  
  66  4:50  Drone x2  
  66  5:02  Zerg Melee Weapons Level 1  
  66  5:03  Drone x3  
  66  5:04  Drone x2  
  66  5:05  Hatchery  
  70  5:08  Drone x2  
  70  5:11  Lair  
  70  5:13  Drone x3  
  75  5:18  Roach Warren  
  75  5:19  Drone x2  
  76  5:23  Drone x3  
  76  5:26  Drone  
  80  5:29  Extractor, Queen  
  80  5:30  Extractor  
  80  5:32  Overlord  
  80  5:36  Zergling x4  
  82  5:44  Overlord  
  82  5:45  Overlord  
  82  5:48  Overlord  
  82  5:51  Zergling x8  
  82  5:53  Hatchery  
  82  5:55  Overlord  
  85  5:57  Zergling x6  
  85  5:59  Overlord  
  85  6:03  Overlord  
  88  6:05  Drone  
  88  6:07  Drone  
  88  6:09  Drone x3  
  88  6:11  Overlord  
  92  6:12  Overseer, Hydralisk Den  
  92  6:17  Drone x3  
  92  6:18  Drone x3  
  96  6:21  Drone x2  
  96  6:24  Drone  
  96  6:25  Baneling Nest  
  98  6:28  Drone x2  
  100  6:33  Drone  
  100  6:35  Overlord  
  103  6:40  Drone x5  
  103  6:43  Drone x2  
  103  6:45  Extractor x2  
  103  6:47  Muscular Augments  
  106  6:48  Drone x4, Extractor  
  106  6:52  Drone x2  
  106  6:53  Hydralisk x2  
  113  6:57  Hydralisk  
  113  7:00  Zerg Missile Weapons Level 1  
  115  7:01  Hydralisk x2  
  115  7:04  Overlord  
  119  7:10  Hydralisk x5, Centrifugal Hooks  
  119  7:13  Hydralisk  
  131  7:17  Overlord  
  131  7:19  Zergling x8  
  135  7:24  Overlord x2  
  135  7:26  Zergling x10  
  140  7:33  Infestation Pit  
  140  7:34  Zergling x12  
  140  7:35  Spore Crawler  
  143  7:43  Zergling x2  
  143  7:44  Zergling x16  
  152  7:51  Grooved Spines  
  153  7:53  Pneumatized Carapace  
  153  7:55  Zergling x2  
  153  7:56  Zergling x24  
  166  8:00  Overlord  
  166  8:01  Zergling x2  
  166  8:03  Zergling x12  
  173  8:06  Hydralisk x3  
  173  8:10  Hydralisk x2  
  183  8:15  Baneling x12  
  183  8:18  Overlord  
  183  8:20  Hydralisk x2  
  183  8:24  Zergling x6  
  190  8:30  Zergling x2  
  190  8:31  Zergling x14  
  198  8:36  Zergling x4  
  200  8:44  Baneling x28  
  200  8:48  Baneling x5  
  199  8:51  Baneling  
  199  8:52  Baneling x2  
  192  9:03  Baneling x6  
  192  9:04  Zergling x16  
  192  9:09  Zergling x12  
  198  9:11  Zerg Missile Weapons Level 2  
  198  9:15  Zergling x26  
  191  9:20  Zergling x6  
  191  9:23  Hive  
  188  9:25  Zergling x2  
  188  9:28  Zergling x16  
  188  9:29  Zergling x2  
  173  9:33  Zergling x8  
  173  9:37  Baneling x14  
  172  9:39  Zergling x4  
  172  9:40  Zergling x2  
  176  9:45  Zergling x14  
  176  9:47  Baneling x4  
  176  9:48  Baneling  
  176  9:50  Baneling x4  
  181  9:55  Zergling x8  
  180  10:02  Zergling x14  
  155  10:07  Zergling x12  
  155  10:10  Hydralisk  
  155  10:11  Hydralisk x4  
  163  10:14  Zergling x6  
  163  10:20  Zergling x6  
  164  10:26  Drone, Lurker Den  
  164  10:27  Extractor  
  164  10:28  Drone x3  
  164  10:29  Baneling x10  
  164  10:31  Zergling x8  
  168  10:37  Zergling x2  
  168  10:38  Zergling x10  
  173  10:44  Adrenal Glands  
  173  10:48  Zergling x2  
  173  10:49  Zergling x16  
  177  11:05  Extractor  
  177  11:06  Extractor  
  177  11:07  Drone x3  
  177  11:08  Drone x4  
  180  11:14  Baneling x8  
  180  11:19  Zergling x16  
  188  11:25  Seismic Spines, Lurker  
  188  11:26  Lurker x4  
  188  11:27  Zerg Melee Weapons Level 2  
  188  11:28  Drone  
  193  11:32  Lurker  
  193  11:33  Lurker  
  191  11:44  Hatchery  
  191  11:46  Spine Crawler x2  
  191  11:47  Drone x3  
  191  11:48  Spire  
  191  11:51  Lurker  
  191  11:53  Zergling x16  
  199  11:57  Hatchery  
  199  11:58  Lurker  
  199  11:59  Lurker  
  200  12:07  Nydus Network  
  197  12:10  Zergling x10  
  198  12:17  Lurker  
  198  12:21  Hydralisk x3  
  198  12:22  Zergling x2, Adaptive Talons  
  190  12:31  Hydralisk  
  190  12:32  Hydralisk, Zergling x2  
  190  12:34  Hydralisk x7  
  190  12:35  Zergling x14  
  193  12:40  Zergling x10  
  193  12:41  Zergling x4  
  198  12:47  Drone  
  199  12:57  Nydus Canal  
  199  12:58  Overlord  
  199  13:01  Overlord  
  199  13:05  Overseer  
  199  13:06  Greater Spire  
  199  13:12  Spore Crawler  
  198  13:13  Spore Crawler  
  198  13:14  Nydus Canal  
  198  13:15  Extractor  
  198  13:17  Lurker x5  
  198  13:18  Overseer x2, Extractor  
  193  13:36  Lurker x9  
  193  13:40  Zergling x8  
  199  13:45  Drone x2  
  197  13:53  Overseer  
  197  13:54  Zerg Ground Armor Level 1  
  197  13:59  Drone  
  197  14:00  Overseer  
  198  14:06  Nydus Canal  
  196  14:23  Nydus Canal  
  166  14:25  Zergling x20  
  166  14:27  Overseer, Corruptor x3, Viper x2  
  166  14:28  Corruptor x5  
  195  14:33  Spore Crawler  
  195  14:34  Spore Crawler  
  195  14:35  Zerg Flyer Armor Level 1, Spore Crawler  
  195  14:36  Spore Crawler  
  195  14:37  Drone x4  
  195  14:38  Spore Crawler  
  194  14:39  Spore Crawler x3  
  194  14:41  Overseer x2  
  191  14:47  Drone  
  191  14:48  Drone x2  
  194  14:54  Drone x2  
  196  15:01  Spore Crawler  
  196  15:02  Corruptor x2  
  196  15:05  Drone  
  200  15:11  Drone  
  200  15:14  Extractor x2  
  198  15:22  Nydus Canal  
  198  15:28  Corruptor  
  198  15:32  Burrow  
  198  15:35  Drone x3  
  200  15:41  Drone  
  200  15:57  Zerg Ground Armor Level 2  
  200  15:58  Spire  
  200  16:01  Corruptor x4  
  189  16:04  Nydus Canal  
  189  16:06  Hydralisk  
  189  16:07  Hydralisk x4  
  198  16:15  Zergling x12  
  198  16:25  Drone  
  198  16:26  Corruptor  
  198  16:29  Overseer x2, Spore Crawler x2  
  198  16:30  Zerg Flyer Weapons Level 1  
  198  16:34  Lurker x2, Nydus Canal  
  198  16:38  Spine Crawler  
  199  16:42  Drone, Spine Crawler  
  194  16:54  Lurker x5  
  194  16:56  Nydus Canal  
  199  17:05  Corruptor x2  
  196  17:09  Zergling x6  
  199  17:24  Zerg Flyer Armor Level 2  
  199  17:27  Overlord  
  199  17:28  Overlord x2  
  199  17:33  Drone x7, Overlord x2, Spore Crawler  
  199  17:36  Spore Crawler  
  194  17:37  Drone, Spore Crawler x2  
  194  17:41  Overlord x2  
  192  17:44  Overlord  
  192  17:50  Zergling x22  
  196  17:53  Nydus Canal  
  196  17:55  Drone x8  
  196  18:03  Corruptor x4  
  196  18:17  Nydus Canal  
  196  18:21  Infestor x2  
  198  18:41  Hatchery  
  198  18:46  Infestor  
  200  18:50  Spine Crawler  
  200  18:54  Corruptor x3  
  195  19:09  Corruptor x3  
  194  19:15  Lair  
  194  19:16  Overseer x4  
  192  19:18  Infestor x3  
  193  19:26  Spawning Pool  
  193  19:28  Lurker Den  
  181  19:34  Drone x3  
  181  19:38  Nydus Canal  
  166  20:31  Lair  
  166  20:32  Brood Lord x5  
  166  20:33  Brood Lord x2  
  166  20:34  Corruptor x6, Brood Lord x2  
  195  20:36  Nydus Canal  
  195  20:39  Zergling x2  
  195  20:40  Zergling x6  
  199  20:43  Extractor  
  199  20:48  Zergling x2  
  199  20:51  Drone x9  
  199  20:54  Zergling x2, Hatchery  
  198  21:19  Drone  
  194  21:46  Zerg Flyer Weapons Level 2  
  194  21:47  Infestation Pit  
  194  21:50  Zergling x12  
  199  21:58  Hatchery  
  199  21:59  Extractor  
  199  22:00  Extractor  
  196  22:02  Hatchery  
  196  22:05  Overseer  
  195  22:18  Zergling x2  
  195  22:19  Zergling x4  
  199  22:23  Hatchery  
  191  22:31  Infestor x4, Hive  
  191  22:35  Queen  
  196  22:55  Hatchery  
  195  23:03  Corruptor  
  195  23:04  Corruptor x2  
  198  23:12  Spore Crawler  
  197  23:15  Spine Crawler  
  197  23:19  Queen  
  198  23:24  Hatchery  
  198  23:26  Neural Parasite  
  195  23:29  Extractor  
  195  23:32  Extractor  
  193  23:37  Drone x2  
  193  23:38  Drone x4  
  199  23:49  Spire  
  198  24:04  Nydus Canal  
  198  24:08  Spore Crawler  
  198  24:09  Drone, Spine Crawler, Spore Crawler  
  193  24:10  Drone x2, Spine Crawler x2  
  193  24:11  Zergling x16  
  196  24:17  Queen  
  196  24:20  Greater Spire  
  198  24:26  Spore Crawler  
  198  24:31  Spore Crawler  
  196  24:32  Spine Crawler  
  196  24:34  Viper  
  199  24:52  Nydus Canal  
  193  25:07  Infestor x2  
  193  25:08  Infestor  
  193  25:23  Corruptor  
  196  25:33  Zergling x6  
  199  25:39  Brood Lord  
  199  25:41  Brood Lord  
  199  25:44  Brood Lord  
  196  26:07  Zerg Flyer Weapons Level 3  
  196  26:09  Brood Lord  
  193  26:23  Drone x3  
  189  26:30  Corruptor  
  189  26:31  Infestor x2  
  190  26:37  Hatchery  
  190  26:39  Drone x7, Extractor  
  195  26:40  Extractor  
  194  26:59  Corruptor x3  
  198  27:36  Infestor, Spore Crawler  
  199  27:48  Nydus Canal  
  199  28:08  Nydus Canal  
  194  28:13  Corruptor x4  
  195  28:28  Brood Lord  
  195  28:30  Corruptor  
  199  28:37  Hatchery  
  199  28:44  Zerg Flyer Armor Level 3  
  199  28:45  Hatchery  
  198  29:02  Drone  
  191  29:21  Corruptor x2  
  195  29:26  Brood Lord x2  
  199  29:38  Zergling x2  
  200  29:50  Extractor  
  200  29:51  Drone, Extractor  
  200  29:52  Drone  
  200  29:58  Nydus Canal  
  200  30:25  Corruptor  
  195  30:53  Corruptor x2  
  199  30:59  Hatchery  
  199  31:03  Extractor  
  199  31:04  Zergling x12  
  200  31:30  Zergling x4, Hatchery  
  197  32:39  Zergling x4  
  199  32:45  Extractor  
  199  32:46  Extractor  
  199  32:48  Zergling x8  
  199  32:55  Zergling x8  
  200  33:02  Drone x9  
  199  33:17  Zergling x6  
  193  33:24  Drone x4  
  193  33:25  Drone x2  
  195  33:30  Zergling x10  
  200  33:37  Hatchery  
  192  33:56  Zergling x14  
  198  34:10  Zergling x6  
  198  34:11  Hatchery  
  199  34:21  Zergling x2  
  199  34:51  Zergling x2  
  199  34:52  Zergling x14  
  198  35:07  Zergling x2  
  198  35:08  Hatchery  
  195  35:34  Corruptor, Brood Lord  
  199  35:37  Extractor  
  199  35:38  Extractor  
  197  36:04  Corruptor  
  200  36:15  Drone x5  
  200  36:16  Brood Lord  
  194  36:21  Zergling x12  
  197  36:32  Zergling x6  
  197  36:33  Hatchery  
  197  36:38  Hydralisk x4  
  199  37:04  Lurker  
  191  37:16  Lurker  
  191  37:17  Lurker x2  
  191  37:18  Corruptor x2  
  191  37:20  Brood Lord  
  199  37:45  Drone  
  200  38:06  Spore Crawler  
  200  38:10  Drone  
  191  38:55  Infestor x2  
  191  38:56  Infestor  
  199  39:22  Corruptor x2  
  197  39:47  Corruptor  
  199  40:04  Spore Crawler  
  199  40:06  Corruptor  
  192  42:06  Infestor x2  
  184  42:14  Corruptor x4  
  129  42:16  Corruptor x7  
  129  42:17  Corruptor x11  
  129  42:18  Corruptor x9  
  129  42:22  Corruptor x11  
  155  42:25  Corruptor  
  155  42:28  Corruptor  
  170  42:33  Overlord x2  
  170  42:34  Overlord x3  
  150  42:39  Brood Lord x3  
  150  42:40  Brood Lord  
  165  42:54  Drone x5  
  132  43:20  Overseer, Infestor x2  
  132  43:21  Infestor  
  138  43:28  Hatchery  
  135  43:57  Drone  
  136  44:48  Drone  
  137  44:58  Drone  
  138  45:12  Drone  
  133  45:20  Drone  
  134  45:23  Drone  
  135  45:38  Overlord  
  135  45:49  Overlord  
  133  46:24  Corruptor  
  133  46:25  Overlord x3  
  133  46:47  Drone x2  
  133  46:48  Drone  
Show
View Real Time Build Order
Export as new Build Order

Classic Protoss 

Build Orders: 1 Gate Expand, Oracle Opening 

Get SALT Encoding   

  12  0:00  Probe  
  13  0:12  Probe  
  14  0:18  Pylon  
  14  0:24  Probe  
  15  0:32  Probe  
  15  0:40  Gateway, Probe  
  16  0:46  Assimilator  
  17  0:51  Probe  
  18  1:03  Probe  
  19  1:15  Probe  
  20  1:23  Nexus  
  20  1:33  Cybernetics Core  
  20  1:37  Probe  
  21  1:43  Assimilator  
  21  1:49  Probe  
  21  1:52  Pylon  
  22  2:00  Adept  
  22  2:01  Probe  
  23  2:14  Probe  
  26  2:15  Stargate  
  26  2:25  Warp Gate, Probe  
  27  2:30  Adept  
  27  2:32  Probe  
  27  2:33  Probe  
  30  2:40  Probe  
  30  2:42  Probe  
  32  2:50  Probe  
  33  2:51  Oracle  
  33  2:52  Probe  
  35  3:02  Probe  
  35  3:04  Probe  
  42  3:07  Pylon  
  40  3:14  Probe, Adept  
  40  3:16  Probe  
  40  3:19  Gateway  
  44  3:20  Oracle  
  44  3:26  Probe  
  45  3:28  Probe  
  49  3:38  Probe  
  49  3:40  Probe  
  51  3:53  Nexus  
  51  3:54  Pylon, Probe  
  52  4:02  Assimilator  
  52  4:03  Probe  
  52  4:05  Assimilator  
  52  4:06  Probe  
  54  4:10  Pylon  
  54  4:15  Twilight Council  
  54  4:16  Forge  
  54  4:17  Probe  
  54  4:23  Adept x2  
  59  4:30  Probe x2  
  59  4:37  Gateway  
  55  4:38  Gateway  
  55  4:43  Adept  
  55  4:44  Adept  
  57  4:46  Probe x2  
  57  4:52  Pylon  
  59  4:58  Protoss Ground Weapons Level 1  
  59  4:59  Blink  
  59  5:02  Probe x2  
  59  5:04  Probe  
  62  5:10  Probe x2  
  62  5:12  Probe  
  61  5:14  Templar Archives  
  61  5:18  Probe x2, Stalker  
  61  5:20  Probe  
  66  5:27  Shield Battery  
  69  5:28  Probe  
  69  5:29  Probe  
  69  5:31  Probe  
  69  5:33  Psionic Storm  
  69  5:34  Assimilator  
  72  5:37  Gateway  
  72  5:38  Gateway  
  72  5:41  Probe x2  
  74  5:43  Probe  
  74  5:46  Pylon  
  75  5:50  Assimilator  
  75  5:54  Probe x2  
  77  6:05  Probe  
  77  6:06  Probe x2  
  77  6:07  Photon Cannon  
  77  6:09  Pylon, High Templar x3  
  86  6:14  Pylon  
  86  6:17  Probe, Stalker  
  91  6:18  Probe x2  
  91  6:30  Nexus  
  91  6:31  Gateway  
  91  6:32  Pylon  
  91  6:39  Gateway  
  91  6:41  High Templar  
  91  6:42  Probe  
  91  6:43  Probe x2  
  96  6:51  Stalker x4  
  96  6:53  Shield Battery  
  102  6:56  Photon Cannon  
  102  6:59  Probe x3  
  105  7:01  Pylon  
  105  7:03  Protoss Ground Weapons Level 2  
  105  7:04  Photon Cannon  
  105  7:11  Charge  
  105  7:13  Probe x3  
  108  7:16  Pylon  
  108  7:25  Probe x3  
  111  7:37  Probe x3  
  111  7:39  Stalker  
  111  7:40  Stalker x3  
  111  7:42  Stargate  
  122  7:45  Fleet Beacon  
  122  7:49  Assimilator, High Templar x2  
  120  7:51  Assimilator  
  120  7:52  Photon Cannon  
  120  7:53  Photon Cannon  
  120  7:54  Pylon  
  117  8:00  Probe x4  
  117  8:02  High Templar x2  
  117  8:03  Pylon  
  117  8:05  Photon Cannon  
  125  8:07  Pylon  
  125  8:08  Archon  
  125  8:12  Probe x4  
  129  8:14  Shield Battery  
  129  8:15  Photon Cannon  
  129  8:18  Pylon  
  129  8:20  Shield Battery  
  129  8:23  High Templar  
  129  8:24  Probe, Photon Cannon, High Templar  
  129  8:26  Photon Cannon  
  134  8:29  Archon  
  134  8:30  High Templar x2  
  134  8:32  Gateway  
  138  8:34  Archon  
  138  8:36  Gateway  
  138  8:38  Photon Cannon  
  138  8:41  Photon Cannon  
  138  8:42  Zealot x3  
  144  8:50  Pylon, Photon Cannon  
  144  8:53  Photon Cannon  
  144  8:54  Shield Battery  
  144  8:55  High Templar  
  144  8:56  High Templar, Photon Cannon  
  148  9:03  Archon  
  148  9:08  Zealot x5  
  148  9:09  Zealot  
  121  9:32  Zealot x8  
  121  9:36  Probe x3  
  121  9:38  Photon Cannon  
  130  9:46  Probe  
  130  9:49  Probe x3  
  130  9:50  Pylon  
  134  9:53  Photon Cannon  
  134  9:55  High Templar x2  
  134  9:59  Archon  
  136  10:05  Zealot x5  
  136  10:06  Archon  
  136  10:07  Archon  
  128  10:10  Zealot  
  128  10:12  Probe x2  
  128  10:13  Probe x2  
  118  10:21  Probe x4  
  120  10:25  High Templar x2, Photon Cannon  
  120  10:26  High Templar x3  
  120  10:27  High Templar  
  126  10:32  Archon  
  120  10:36  Probe x4  
  120  10:40  Pylon  
  120  10:41  High Templar x2  
  119  10:44  Probe x4  
  123  10:52  Probe x3  
  123  10:53  Archon  
  126  10:59  High Templar  
  126  11:00  High Templar  
  126  11:01  Assimilator, Zealot x2  
  126  11:04  Archon, Zealot  
  134  11:10  Protoss Shields Level 1  
  136  11:11  Shield Battery  
  136  11:12  Probe x4  
  136  11:17  High Templar  
  136  11:18  High Templar  
  144  11:22  Archon  
  144  11:23  High Templar x2  
  148  11:31  Probe x4  
  152  11:36  High Templar, Photon Cannon  
  152  11:37  Shield Battery, High Templar  
  152  11:38  Pylon  
  148  11:40  Archon  
  148  11:43  Probe  
  148  11:46  Carrier  
  149  11:49  Probe x3, Carrier  
  149  11:52  High Templar  
  154  11:55  Probe  
  161  12:06  Photon Cannon  
  167  12:08  Photon Cannon  
  167  12:13  Zealot x7  
  181  12:21  Photon Cannon  
  151  12:38  Carrier x2  
  151  12:39  Zealot x7  
  151  12:40  Zealot  
  165  12:47  Robotics Facility  
  165  12:51  Photon Cannon  
  177  13:02  High Templar  
  177  13:03  High Templar  
  177  13:04  Protoss Ground Weapons Level 3, High Templar  
  183  13:08  Nexus  
  182  13:15  Zealot x2  
  182  13:16  Protoss Air Weapons Level 1, Zealot  
  185  13:31  Pylon  
  179  13:41  Stargate  
  187  13:43  Observer  
  187  13:45  Nexus  
  187  13:47  Pylon  
  177  13:51  Mothership  
  177  13:54  Zealot x8  
  188  14:04  Tempest x2  
  196  14:17  Pylon  
  196  14:18  Assimilator  
  196  14:20  Assimilator  
  176  14:30  Tempest  
  174  14:35  Zealot x6  
  186  14:42  Photon Cannon  
  186  14:43  Photon Cannon  
  186  14:46  Observer  
  187  15:00  Tempest x2  
  187  15:06  Pylon  
  189  15:18  Photon Cannon  
  189  15:24  Photon Cannon  
  189  15:31  High Templar x4, Photon Cannon  
  189  15:32  High Templar  
  198  15:35  High Templar  
  198  15:37  Archon x2  
  198  15:41  Archon  
  187  16:00  Protoss Shields Level 2  
  181  16:06  Zealot x6  
  181  16:09  Protoss Air Weapons Level 2  
  190  16:12  Unknown  
  190  16:14  Zealot x2  
  190  16:17  Cybernetics Core  
  194  16:31  Photon Cannon  
  194  16:32  Photon Cannon  
  194  16:35  High Templar  
  194  16:37  High Templar x2  
  200  16:42  Archon  
  196  16:47  Photon Cannon  
  196  16:48  Photon Cannon  
  196  16:50  Photon Cannon  
  196  16:51  Photon Cannon  
  196  16:54  Photon Cannon  
  188  16:56  Photon Cannon  
  188  16:57  Photon Cannon  
  188  17:00  Photon Cannon  
  188  17:01  Shield Battery  
  184  17:17  Zealot x8  
  184  17:21  Tempest  
  180  18:17  High Templar  
  180  18:18  High Templar  
  180  18:19  High Templar x3  
  190  18:21  Zealot x3  
  190  18:23  Pylon, Archon  
  190  18:24  Archon  
  190  18:25  Protoss Shields Level 3  
  196  18:30  Photon Cannon  
  196  18:32  Photon Cannon  
  196  18:34  Photon Cannon  
  196  18:38  Protoss Air Armor Level 1  
  192  18:46  Protoss Air Weapons Level 3  
  190  18:51  Zealot x5  
  190  18:52  Observer  
  190  18:53  Pylon  
  178  19:13  Mothership  
  178  19:18  Zealot x7  
  183  19:31  Observer  
  175  19:48  Pylon  
  174  19:57  Zealot x3  
  174  19:58  Zealot x4, Nexus  
  188  20:03  Observer  
  189  20:16  Tempest x2  
  193  20:26  Zealot x4  
  191  20:39  Photon Cannon  
  191  20:40  Carrier, Photon Cannon  
  191  20:42  Photon Cannon  
  197  20:45  Shield Battery  
  197  20:52  Photon Cannon  
  197  20:53  Photon Cannon  
  197  20:56  Photon Cannon  
  197  21:00  Photon Cannon  
  197  21:02  Photon Cannon  
  196  21:04  Zealot x2  
  172  21:25  High Templar x4  
  174  21:26  High Templar x3  
  174  21:30  Archon x3  
  174  21:31  Observer, Tempest x2  
  185  21:39  Tempest  
  193  21:45  Assimilator  
  197  21:49  Pylon  
  197  21:50  Assimilator  
  195  22:38  Zealot  
  197  22:46  Protoss Air Armor Level 2  
  197  22:48  Pylon  
  197  22:49  Pylon  
  189  22:56  Carrier x2  
  187  23:03  High Templar x2  
  187  23:04  Carrier  
  197  23:20  Observer  
  197  23:34  Photon Cannon  
  197  23:36  Photon Cannon  
  197  23:38  Photon Cannon  
  197  23:39  Photon Cannon  
  197  23:41  Photon Cannon  
  197  23:43  Shield Battery  
  197  23:45  Photon Cannon  
  197  23:46  Photon Cannon  
  197  23:48  Pylon  
  197  23:50  Oracle  
  195  24:16  Photon Cannon  
  195  24:17  Nexus  
  195  24:19  High Templar x2  
  195  24:20  Protoss Ground Armor Level 1, Photon Cannon  
  195  24:22  Photon Cannon  
  199  25:17  High Templar x2  
  199  25:19  Oracle  
  194  25:34  Zealot x3  
  200  25:43  Assimilator  
  200  25:48  Observer  
  200  25:49  Assimilator  
  194  26:05  Zealot x3  
  194  26:21  Archon  
  187  26:36  High Templar x2  
  187  26:38  High Templar  
  187  26:39  High Templar  
  193  26:43  Zealot x3  
  199  26:53  Pylon  
  199  26:55  Gateway  
  199  26:57  Gateway  
  199  27:05  Gateway  
  199  27:07  Gateway  
  199  27:09  Gateway  
  199  27:13  Gateway  
  192  27:26  Carrier x2  
  200  27:50  Protoss Air Armor Level 3  
  200  27:55  Photon Cannon  
  200  27:57  Photon Cannon, Zealot x2  
  200  27:59  Photon Cannon  
  200  28:04  Photon Cannon  
  200  28:07  Photon Cannon  
  189  28:29  Assimilator  
  189  28:31  High Templar x2  
  189  28:32  Sentry, High Templar x2  
  199  28:36  Archon x2  
  198  28:56  Photon Cannon  
  198  29:00  Pylon  
  198  29:07  Tempest x2  
  182  29:17  Tempest  
  192  29:25  Zealot x4  
  192  29:30  Photon Cannon  
  200  29:36  Observer  
  195  29:58  Observer  
  190  30:15  High Templar  
  191  30:24  Tempest  
  184  30:28  Tempest  
  187  30:47  Oracle  
  183  30:59  High Templar x2  
  183  31:00  High Templar x2  
  183  31:03  High Templar x2  
  198  31:11  Nexus  
  198  31:22  Shield Battery  
  198  31:42  Observer  
  198  31:44  Zealot  
  198  31:47  Observer  
  198  32:10  Observer  
  196  32:21  Tempest x3  
  180  32:30  Zealot x6  
  192  32:57  High Templar  
  192  33:01  Zealot x4  
  192  33:02  Assimilator  
  180  33:37  Zealot x2  
  184  33:51  Archon  
  184  33:52  Archon  
  180  34:07  Nexus  
  180  34:08  Pylon  
  179  34:13  Mothership  
  172  34:29  Oracle  
  173  34:34  Photon Cannon x2  
  173  34:36  High Templar x2  
  173  34:37  Photon Cannon x2  
  177  34:40  Shield Battery  
  177  34:42  Zealot x2  
  177  34:43  Zealot x5  
  191  34:47  Photon Cannon  
  191  34:52  Carrier x2  
  180  34:53  Carrier  
  180  34:55  Nexus  
  180  34:59  Pylon  
  187  35:32  High Templar x4  
  187  35:33  High Templar x2  
  199  35:37  Archon x3, Nexus  
  199  35:42  Observer  
  191  36:14  Zealot x2  
  191  36:15  Zealot  
  191  36:16  Zealot  
  191  36:21  Zealot x4  
  191  36:24  Pylon  
  191  36:31  Carrier  
  191  36:32  Tempest  
  189  36:34  Pylon  
  199  36:55  Nexus  
  199  36:57  Pylon  
  198  37:30  Photon Cannon  
  198  37:32  Photon Cannon  
  198  37:33  Photon Cannon  
  198  37:35  Shield Battery  
  198  37:37  Photon Cannon  
  198  37:38  Photon Cannon  
  193  38:00  Assimilator  
  193  38:04  Assimilator  
  194  38:07  Oracle  
  194  38:10  High Templar  
  194  38:11  High Templar  
  200  38:16  Archon  
  198  39:35  Tempest x2  
  194  39:41  Tempest  
  194  39:54  High Templar x2  
  194  39:58  Archon  
  198  40:22  Observer  
  199  41:04  Observer  
  198  41:24  Observer  
  120  42:25  Observer  
  113  42:37  High Templar x2  
  113  42:38  High Templar x7  
  113  42:39  High Templar x2  
  135  42:45  Archon x3  
  135  42:46  Archon  
  47  43:35  Stalker x4  
  55  43:48  Probe  
  56  43:56  Probe  
  56  44:02  Observer  
  57  44:25  Stalker  
  58  45:22  Stalker x2  
  62  45:56  Stalker  
  43  46:35  Zealot x3  
Tags
 
Add a new tag
Caveats
  • Supply blocks, unpowered buildings, or Contaminate may cause inaccurate times.
  • Supply counts are checked every 10 seconds.